 Dungeon Crawl Stone Soup version 0.32-a0-338-g4f8ebfe289 (webtiles) character file.

Game seed: 2279027522125893923

132 Bnni the Chopper (level 4, -4/41 HPs)
             Began as a Mountain Dwarf Fighter on Feb 17, 2024.
             Was an Initiate of Beogh.
             Slain by an orc priest
             ... wielding a +0 whip
              (5 damage)
             ... on level 3 of the Dungeon.
             The game lasted 00:03:37 (1739 turns).

Bnni the Chopper (Mountain Dwarf Fighter)           Turns: 1739, Time: 00:03:38

Health: -4/41      AC: 10    Str: 20    XL:     4   Next: 92%
Magic:  4/4        EV: 14    Int:  9    God:    Beogh [......]
Gold:   146        SH:  4    Dex:  9    Spells: 3/3 levels left

rFire   . . .        j - +2 hand axe (elec)
rCold   . . .        c - +0 buckler
rNeg    + . .        b - +0 scale mail
rPois   .            f - +2 helmet
rElec   .            (no cloak)
rCorr   .            (no gloves)
SInv    .            (no boots)
Will    .....        (no amulet) Stlth
                     h - ring of positive energy
HPRegen 0.26/turn    a - +5 ring of evasion
MPRegen 0.09/turn

%: no passive effects
@: no status effects
A: runic magic, artefact enchanting
a: Renounce Religion


You were on level 3 of the Dungeon.
You worshipped Beogh.
Beogh was noncommittal.
You visited 1 branch of the dungeon, and saw 3 of its levels.

You collected 146 gold pieces.

Inventory:

Hand Weapons
 j - a +2 hand axe of electrocution (weapon)
Armour
 b - a +0 scale mail (worn)
 c - a +0 buckler (worn)
 f - a +2 helmet (worn)
Jewellery
 a - a +5 ring of evasion (right hand)
 h - a ring of positive energy (left hand)
Scrolls
 e - 3 scrolls of teleportation {unknown}
 g - a scroll of enchant weapon {unknown}
 i - 2 scrolls of identify {unknown}
 k - a scroll of amnesia {unknown}
 l - a scroll of vulnerability {unknown}
Potions
 d - a potion of might


   Skills:
 + Level 4.4 Fighting
 * Level 5.3 Axes
 - Level 3.2 Armour
 - Level 3.2 Shields


You had 3 spell levels left.
You didn't know any spells.
Your spell library contained the following spells:

 Spells                   Type           Power      Damage    Failure   Level
 Apportation              Tloc           0%         N/A       54%         1
 Necrotise                Necr           0%         1d4       54%         1
 Sting                    Conj/Alch      0%         1d3       54%         1
 Summon Small Mammal      Summ           0%         N/A       54%         1
 Cigotuvi's Dreadful Rot  Necr/Alch/Air  0%         N/A       69%         2
 Ignite Poison            Fire/Alch      0%         N/A       100%        4
 Freezing Cloud           Conj/Ice/Air   0%         6-21      100%        5


Dungeon Overview and Level Annotations

Branches:
Dungeon (3/15)

Altars:


Innate Abilities, Weirdness & Mutations

Your spellcasting is much less encumbered by armour.
You can use scrolls of enchantment on lesser artefacts.


Message History

The orc priest misses you.
You hit something. Something hits you.
The orc priest begins to cast a cantrip, but forgets the words!
You hear some strange, mumbled words.
A puff of flame appears from out of thin air!
The puff of flame hits you.
The orc priest attacks as it pursues you!
The orc priest hits you but does no damage.
You miss something.
You hear some strange, mumbled words.
Something tries to affect you, but you resist.
The orc priest hits you with a +0 whip.
You nearly stumble into some deep water!
Something hits you but does no damage.
The orc priest hits you but does no damage.
You completely miss something. Something hits you.
The orc priest closely misses you.
Okay, then.
You miss something.
You feel less confused.
You hear some strange, mumbled words.
A magic dart appears from out of thin air!
The magic dart hits you but does no damage.
The orc priest hits you with a +0 whip.
You hit something. Beogh accepts your kill.
Reactivating autopickup.
You feel a bit more experienced.
The orc priest mumbles some strange prayers to Beogh against you.
Beogh smites you!
* * * LOW HITPOINT WARNING * * *
Unknown command.
You hear the crackle of electricity.
j - a +2 hand axe of electrocution (weapon)
You block the orc priest's attack.
You closely miss the orc priest.
The orc priest is severely wounded.
The orc priest hits you with a +0 whip.
You die...
Beogh appreciates the orc priest's killing of a heretic priest.

## ... #. ..##
#.#.≈≈# #...≈≈# ..
#..≈≈≈##### ≈.
#..≈≈≈≈≈≈≈# ##.
#))≈≈≈≈≈≈≈# ..
#)o≈≈≈≈≈≈≈# ######.
##@≈≈≈≈≈###.#≈≈≈≈≈.
#..≈≈≈##!. #≈≈≈≈..
##.≈≈##.# #≈≈≈≈..
#..##(#####≈≈≈..#
##...##≈≈≈≈≈≈..##
####....≈≈≈≈≈......
#..........÷..#####
#.##.##.####.##....
# #.##.####.##.###


You could see an orc priest.

Vanquished Creatures
  An orc wizard (D:3)
  2 adders
  2 dart slugs (D:1)
  A ribbon worm (D:2)
  8 orcs (D:3)
  3 ball pythons
  4 bats
  3 endoplasms
  A giant cockroach (D:3)
  3 goblins
  3 hobgoblins
  2 jackals (D:3)
  3 quokkas
  5 frilled lizards
  A kobold (D:3)
  2 rats
44 creatures vanquished.

Notes
Turn   | Place    | Note
-------+----------+-------------------------------------------
     0 | D:1      | Bnni the Mountain Dwarf Fighter began the quest for the
                  | Orb.
     0 | D:1      | Reached XP level 1. HP: 19/19 MP: 1/1
   121 | D:1      | Reached skill level 3 in Axes
   124 | D:1      | Reached XP level 2. HP: 26/26 MP: 2/2
   154 | D:1      | Found a faded altar of an unknown god.
  1046 | D:2      | Reached XP level 3. HP: 33/33 MP: 3/3
  1132 | D:2      | Reached skill level 4 in Axes
  1340 | D:3      | Reached XP level 4. HP: 35/40 MP: 4/4
  1410 | D:3      | Became a worshipper of Beogh the Shepherd
  1713 | D:3      | Reached skill level 5 in Axes
  1737 | D:3      | HP: 1/41 [orc priest/divine providence (12)]
  1739 | D:3      | Slain by an orc priest

Illustrated notes

Levels and vault maps discovered:
D:1:      dpeg_arrival_stone_temple_mockup, layout_basic,
          shapermc_ecumenical_altar_mp_highgroup, minmay_misc_feat_nine_boxes
D:2:      layout_basic
D:3:      layout_loops_cross, grunt_decor_junction

Skill      XL: |  1  2  3  4 |
---------------+-------------+-----
Axes           | 3 4 5 |  5.3
Fighting       | 4 |  4.4
Armour         | |  3.2
Shields        | |  3.2

Action                     |  1- 3 |  4- 6 || total
---------------------------+-------+-------++-------
  Melee: War axe           |    52 |       ||    52
         Hand axe          |    30 |    52 ||    82
         Unarmed           |       |    14 ||    14
 Invoke: Convert to Beogh  |       |     1 ||     1
 Armour: Scale mail        |    52 |    49 ||   101
  Dodge: Dodged            |    32 |    41 ||    73
  Block: Buckler           |    20 |    12 ||    32

Table legend: (Time is in decaauts)
 A = Elapsed time spent in this place.
 B = Non-inter-level travel time spent in this place.
 C = Inter-level travel time spent in this place.
 D = Time resting spent in this place.
 E = Time spent auto-exploring this place.
 F = Levels seen in this place.
 G = Mean time per level.
                   A        B        C        D        E       F      G
               +--------+--------+--------+--------+--------+-----+--------+
         Total |   1762 |   1635 |    127 |      0 |   1295 |   3 |  587.3 |
       Dungeon |   1762 |   1635 |    127 |      0 |   1295 |   3 |  587.3 |
               +--------+--------+--------+--------+--------+-----+--------+

Top non-repeatable levels by time:
     D:1: 992 daAuts
     D:3: 417 daAuts
     D:2: 352 daAuts
